AoeStats
← SDTopher

African Clearing

510426602Analyzed
2v2 RM · 3d ago on Oct 1, 2026· 48m 10s· 4 players
Game mode
Random Map
Map size
Medium (4 player)
Population
200
Speed
Normal
Resources
Standard
Victory
Conquest
Starting age
Dark Age
Ending age
Imperial Age
RankedLock teamsTeams togetherTeam positionsShared explorationLock speedFull tech treeHidden civsTurbo modeCheats
Victory
Defeat
🇺🇸 Ethiopians · United States
1079
+15
🇺🇸 Vietnamese · United States
986
+20
🇺🇸 Persians · United States
1072
-18
🇳🇴 Japanese · Norway
1044
-17
moreTuuunes
10:57 Loom
12:43 Feudal Age
16:26 Bloodlines
17:19 Scale Barding Armor
20:17 Forging
23:41 Castle Age
21:40 Double-Bit Axe
22:22 Horse Collar
23:02 Gold Mining
24:41 Chain Barding Armor
26:04 Wheelbarrow
28:18 Iron Casting
28:57 Fletching
28:46 Crossbowman
31:17 Gold Shaft Mining
33:04 Bow Saw
34:01 Kamandaran
38:21 Imperial Age
36:08 Hand Cart
36:01 Padded Archer Armor
37:18 Bodkin Arrow
TheEskimoBrother
4:01 Loom
14:08 Feudal Age
15:24 Wheelbarrow
14:36 Double-Bit Axe
14:33 Horse Collar
14:56 Gold Mining
21:15 Castle Age
19:47 Stone Mining
22:03 Town Watch
23:18 Crossbowman
26:45 Gold Mining
28:14 Gold Shaft Mining
28:18 Bow Saw
30:40 Heavy Plow
34:31 Imperial Age
33:14 Hand Cart
33:06 Town Patrol
33:17 Squires
33:39 Thumb Ring
34:09 Fletching
34:36 Arbalester
35:45 Ballistics
36:26 Chemistry
36:34 Two-Man Saw
35:59 Conscription
35:57 Bodkin Arrow
36:14 Treadmill Crane
36:57 Bracer
38:21 Pikeman
39:14 Forging
39:04 Scale Mail Armor
40:13 Padded Archer Armor
42:19 Elite Skirmisher
46:14 Leather Archer Armor
45:36 Elite Samurai
SDTopher
5:34 Loom
15:03 Feudal Age
17:44 Double-Bit Axe
23:05 Castle Age
22:10 Double-Bit Axe
22:06 Horse Collar
24:22 Husbandry
24:31 Scale Barding Armor
26:06 Wheelbarrow
26:13 Forging
29:34 Hand Cart
31:37 Chain Barding Armor
43:33 Iron Casting
44:45 Light Cavalry
47:39 Gold Mining
47:39 Stone Mining
Flaco
14:07 Feudal Age
15:24 Wheelbarrow
14:30 Horse Collar
14:37 Double-Bit Axe
17:44 Loom
22:37 Castle Age
23:42 Bow Saw
23:34 Heavy Plow
23:51 Hand Cart
23:41 Stone Mining
23:45 Gold Mining
27:09 Stone Shaft Mining
26:02 Pikeman
28:27 Fletching
28:37 Padded Archer Armor
28:00 Elite Skirmisher
29:18 Bodkin Arrow
31:39 Crossbowman
32:25 Thumb Ring
33:00 Ballistics
33:17 Treadmill Crane
33:25 Town Watch
36:12 Leather Archer Armor
38:32 Imperial Age
38:35 Arbalester
38:35 Imperial Skirmisher
39:16 Bracer
39:46 Ring Archer Armor
39:47 Squires
39:33 Arson
40:53 Paper Money
41:27 Ring Archer Armor
42:04 Chemistry
41:10 Siege Engineers
43:14 Masonry
43:40 Elite Rattan Archer
45:36 Two-Man Saw
46:01 Town Patrol
46:01 Murder Holes
46:16 Fortified Wall
46:46 Forging
46:36 Scale Mail Armor
46:41 Scale Barding Armor
Connection lost

Rejoining the realm…

Still unreachable

The connection could not be restored.

Session expired

The server has moved on; the page needs a fresh start.